AoeStats
← [CL] Al3jandr0.magn00

Arabia

505011347Analyzed
1v1 RM · 25d ago on Sep 7, 2026· 40m 45s· 2 players
Game mode
Random Map
Map size
Tiny (2 player)
Population
200
Speed
Normal
Resources
Standard
Victory
Conquest
Starting age
Dark Age
Ending age
Imperial Age
RankedLock teamsTeams togetherTeam positionsShared explorationLock speedFull tech treeHidden civsTurbo modeCheats
Victory
Defeat
🇳🇱 Spanish · Netherlands
2149
+8
🇦🇷 Gurjaras · Argentina
1953
-8
squashy5000
6:13 Loom
8:50 Feudal Age
10:10 Double-Bit Axe
11:33 Fletching
12:48 Horse Collar
22:30 Castle Age
20:50 Gold Mining
21:51 Scale Barding Armor
22:31 Pikeman
23:26 Bow Saw
24:40 Wheelbarrow
25:18 Elite Skirmisher
28:10 Sanctity
30:01 Hand Cart
30:18 Heavy Plow
32:32 Bodkin Arrow
32:38 Padded Archer Armor
36:25 Imperial Age
35:07 Leather Archer Armor
35:22 Town Watch
36:53 Chain Barding Armor
36:44 Forging
37:27 Block Printing
38:21 Chemistry
37:26 Bracer
37:38 Forging
37:40 Bloodlines
37:30 Husbandry
36:50 Light Cavalry
38:54 Ring Archer Armor
38:17 Hussar
39:26 Supremacy
40:38 Two-Man Saw
40:23 Plate Barding Armor
41:53 Iron Casting
[CL] Al3jandr0.magn00
5:42 Loom
8:26 Feudal Age
9:03 Double-Bit Axe
16:38 Forging
22:13 Castle Age
21:34 Bloodlines
21:26 Fletching
21:49 Gold Mining
22:08 Horse Collar
23:10 Bodkin Arrow
29:48 Wheelbarrow
30:02 Husbandry
30:49 Devotion
36:22 Imperial Age
36:35 Hand Cart
36:25 Town Watch
38:16 Chemistry
37:08 Town Watch
38:58 Bracer
39:35 Scale Barding Armor
40:06 Iron Casting
40:11 Conscription
41:01 Chain Barding Armor
Connection lost

Rejoining the realm…

Still unreachable

The connection could not be restored.

Session expired

The server has moved on; the page needs a fresh start.